 Dungeon Crawl Stone Soup version 0.17.1-3-g152610e (webtiles) character file.

109 Heskey the Skirmisher (level 4, -3/40 HPs)
             Began as a Draconian Gladiator on Apr 5, 2016.
             Killed from afar by an orc wizard (9 damage)
             ... with a puff of flame
             ... on level 3 of the Dungeon.
             The game lasted 00:01:33 (1817 turns).

Heskey the Skirmisher (Draconian Gladiator)         Turns: 1817, Time: 00:01:33

Health: -3/40      AC:  7    Str: 18    XL:     4   Next: 60%
Magic:  4/4        EV: 13    Int:  9    God:
Gold:   129        SH:  0    Dex: 11    Spells: 0 memorised, 3 levels left

rFire  . . .     SeeInvis .     a - +0 quarterstaff
rCold  . . .     Clarity  .     (armour unavailable)
rNeg   . . .     SustAt   .     (shield currently unavailable)
rPois  .         Gourm    .     b - +0 hat
rElec  .         Spirit   .     q - +0 cloak
rCorr  .         Warding  .     r - +0 pair of gloves (curse)
rMut   .         Stasis   .     (no boots)
MR     .....                    (no amulet)
Stlth  +.........               (no ring)
                                (no ring)

@: lethally poisoned (-3 -> -4), not resistant to hostile enchantments, very
unstealthy
A: unfitting armour, cold-blooded, AC +5
a: no special abilities


You were on level 3 of the Dungeon.
You were not hungry.

You visited 1 branch of the dungeon, and saw 3 of its levels.

You collected 129 gold pieces.

Inventory:

Hand Weapons
 a - a +0 quarterstaff (weapon)
Missiles
 c - 4 throwing nets (quivered)
Armour
 b - a +0 hat (worn)
 q - a +0 cloak (worn)
 r - a cursed +0 pair of gloves (worn)
Scrolls
 e - a scroll of remove curse {unknown}
 f - 2 scrolls of immolation {unknown}
 h - 2 scrolls of amnesia {unknown}
 l - a scroll of recharging {unknown}
 o - 2 scrolls of identify {unknown}
Potions
 g - a potion of lignification {unknown}
 i - a potion of agility {unknown}
 j - 2 potions of brilliance {unknown}
 m - a potion of mutation {unknown}
 n - a potion of curing {unknown}
Comestibles
 d - 2 bread rations
 k - 6 fruits
 p - 6 chunks of flesh


   Skills:
 * Level 4.1 Fighting
 + Level 3.8 Staves
 - Level 1.7 Throwing
 + Level 3.2 Dodging


You had 3 spell levels left.
You didn't know any spells.

Dungeon Overview and Level Annotations

Branches:
Dungeon (3/15)

Altars:
Elyvilon
Yredelemnul
The Shining One


Innate Abilities, Weirdness & Mutations

Your plain brown scales are hard (AC +5).
Your body does not fit into most forms of armour.
You are cold-blooded and may be slowed by cold attacks.


Message History

You miss something.
Your tail-slap misses something.
You hear some strange, mumbled words.
A magic dart appears from out of thin air!
The magic dart hits you!
You miss something.
Your tail-slap misses something.
You feel sick. Something barely misses you.
Something hits you but does no damage.
You closely miss something. Something hits you.
* * * LOW HITPOINT WARNING * * *
Something hits you.
* * * LOW HITPOINT WARNING * * *
You are too injured to fight recklessly!
You are too injured to fight recklessly!
You miss something. Something hits you but does no damage.
You miss something. Something hits you.
* * * LOW HITPOINT WARNING * * *
You hit something.
You feel sick.
You hear some strange, mumbled words.
A puff of flame appears from out of thin air!
The puff of flame hits you!
You die...

.# #############
#.##.#
............####...#.#
....†............#...#
#...)...............
#†#########.##.<#.#
#.# #........# # #.#
##.##..###.### #.#
####..@{o...+ #.#
##.##..### #.. #.# ..#
### #.# #.# #.# o. #.#
#o# #### #.# .. ....
#.# .## ####


You could see an orc.

Vanquished Creatures
  An orc wizard (D:3)
  3 adders
  2 worms
  3 giant geckos
  5 orcs (D:3)
  A ball python (D:3)
  4 giant cockroaches
  4 goblins
  4 hobgoblins
  6 kobolds
  3 bats (D:2)
  A giant newt (D:1)
  A quokka (D:3)
  4 rats
42 creatures vanquished.

Notes
Turn   | Place    | Note
--------------------------------------------------------------
     0 | D:1      | Heskey the Draconian Gladiator began the quest for the Orb.
     0 | D:1      | Reached XP level 1. HP: 17/17 MP: 1/1
   350 | D:1      | Reached XP level 2. HP: 19/25 MP: 2/2
  1055 | D:2      | Reached XP level 3. HP: 20/31 MP: 3/3
  1337 | D:2      | Found a glowing golden altar of the Shining One.
  1598 | D:3      | Found a basalt altar of Yredelemnul.
  1694 | D:3      | Reached skill level 4 in Fighting
  1694 | D:3      | Reached XP level 4. HP: 38/40 MP: 4/4
  1737 | D:3      | Found a white marble altar of Elyvilon.
  1817 | D:3      | Killed from afar by an orc wizard

Action                   |  1- 3 |  4- 6 || total
-------------------------+-------+-------++-------
Melee: Quarterstaff      |   105 |    31 ||   136
 Stab: Sleeping          |     2 |       ||     2
       Distracted        |     1 |       ||     1
  Eat: Chunk             |     2 |     1 ||     3
